 Dungeon Crawl Stone Soup version 0.24.1 (webtiles) character file.

Game seed: 13849994532100859595, levelgen mode: deterministic

267 Peloso the Covered (level 6, 0/53 HPs)
             Began as a Minotaur Fighter on Apr 7, 2020.
             Slain by a sky beast (4 damage)
             ... on level 4 of the Dungeon.
             The game lasted 00:04:44 (2663 turns).

Peloso the Covered (Minotaur Fighter)               Turns: 2663, Time: 00:04:44

Health: 0/53       AC:  7    Str: 21    XL:     6   Next: 0%
Magic:  5/5        EV:  8    Int:  5    God:
Gold:   166        SH:  9    Dex: 11    Spells: 5/5 levels left

rFire    . . .     SeeInvis .   a - +0 long sword
rCold    . . .     Gourm    .   c - +0 shield
rNeg     . . .     Faith    .   b - +0 scale mail
rPois    .         Spirit   .   (helmet restricted)
rElec    .         Reflect  .   (no cloak)
rCorr    .         Harm     .   (no gloves)
MR       .....                  (no boots)
Stlth    ..........             (no amulet)
HPRegen  0.17/turn              (no ring)
MPRegen  0.09/turn              (no ring)

@: very slightly contaminated, hasted, very quick
A: retaliatory headbutt, horns 2
a: no special abilities


You were on level 4 of the Dungeon.
You were hungry.

You visited 1 branch of the dungeon, and saw 4 of its levels.

You collected 166 gold pieces.

Inventory:

Hand Weapons
 a - a +0 long sword (weapon)
Armour
 b - a +0 scale mail (worn)
 c - a +0 shield (worn)
Jewellery
 p - an uncursed ring of resist corrosion {unknown}
Scrolls
 e - a scroll of blinking {unknown}
 g - 4 scrolls of identify {unknown}
 i - a scroll of teleportation {unknown}
 k - a scroll of amnesia {unknown}
 l - a scroll of remove curse {unknown}
 o - a scroll of enchant armour {unknown}
Potions
 d - a potion of might
 j - a potion of invisibility
Comestibles
 f - 4 rations


   Skills:
 + Level 4.4 Fighting
 + Level 4.3 Long Blades
 + Level 5.9 Armour
 + Level 1.2 Dodging
 + Level 4.5 Shields


You had 5 spell levels left.
You didn't know any spells.
Your spell library was empty.

Dungeon Overview and Level Annotations

Branches:
Dungeon (4/15)
 Temple: D:4-7

Altars:


Innate Abilities, Weirdness & Mutations

You reflexively headbutt those who attack you in melee.
You have a pair of horns on your head.


Message History

You miss something. You barely miss something. You headbutt something!
Something hits you but does no damage.
You closely miss something. Something hits you but does no damage.
Your shield prevents you from hitting something.
Your headbutt misses something. Something hits you but does no damage.
You barely miss something. Something hits you but does no damage.
You hit something. You closely miss something. Your headbutt misses something.
Something hits you but does no damage.
You barely miss something. Your headbutt misses something. Something hits you.
Something shocks you.
* * * LOW HITPOINT WARNING * * *
You closely miss something. You headbutt something. Something hits you.
* * * LOW HITPOINT WARNING * * *
Something shocks you.
* * * LOW HITPOINT WARNING * * *
You closely miss something. Something hits you but does no damage.
You barely miss something. Something hits you.
You die...

......?.>##
#........#
#........##
#.........#
#.......).#
#.........#
#.......).#
#########{##
#@.# #..##
##..# #..#
########
#..#
#......#
#..#
#......#
##.#
#......#
#.##
#......#
#..#


There were no monsters in sight!

Vanquished Creatures
  An orc priest (D:3)
  3 orc wizards
  4 adders
  An ooze (D:1)
  An adder zombie (D:1)
  2 worms (D:3)
  6 dart slugs
  2 leopard geckos
  13 orcs
  A giant cockroach (D:2)
  5 hobgoblins
  9 jackals
  2 quokkas (D:2)
  A ball python (D:2)
  9 bats
  3 frilled lizards
  A giant cockroach zombie (D:1)
  7 goblins
  7 kobolds
  A quokka skeleton (D:4)
  5 rats
84 creatures vanquished.

Notes
Turn   | Place    | Note
-------+----------+-------------------------------------------
     0 | D:1      | Peloso the Minotaur Fighter began the quest for the Orb.
     0 | D:1      | Reached XP level 1. HP: 19/19 MP: 0/0
    86 | D:1      | Reached XP level 2. HP: 22/27 MP: 1/1
   298 | D:1      | Reached skill level 4 in Armour
   377 | D:1      | Reached XP level 3. HP: 10/33 MP: 2/2
  1490 | D:2      | Reached XP level 4. HP: 41/41 MP: 3/3
  2066 | D:3      | Reached XP level 5. HP: 47/47 MP: 4/4
  2068 | D:3      | Reached skill level 5 in Armour
  2071 | D:3      | Reached skill level 1 in Dodging
  2615 | D:4      | Noticed a sky beast
  2616 | D:4      | Reached XP level 6. HP: 41/53 MP: 5/5
  2663 | D:4      | Slain by a sky beast

Levels and vault maps discovered:
D:1:      saegor_arrival_fortress, layout_basic
D:2:      layout_loops_cross, first_ration
D:3:      layout_rooms
D:4:      layout_basic, minmay_door_square

Skill      XL: |  1  2  3  4  5 |
---------------+----------------+-----
Fighting       | 4 |  4.4
Shields        | 4 |  4.5
Armour         | 4 5 |  5.9
Long Blades    | 3 4 |  4.3
Dodging        | 1 |  1.2

Action                   |  1- 3 |  4- 6 || total
-------------------------+-------+-------++-------
Melee: Long sword        |    77 |   124 ||   201
       Headbutt          |    18 |    21 ||    39
  Use: Potion            |       |     4 ||     4
  Eat: Chunk             |     1 |     4 ||     5
Armor: Scale mail        |    62 |    49 ||   111
Dodge: Dodged            |    34 |    47 ||    81
Block: Shield            |    43 |    68 ||   111
       Rpst.: Long sword |    12 |    15 ||    27
